SNL (28 & UNDER)
WICHITA WRANGLERS @ SALEM SILVER SOULS
05/03/2024
 
TOP OF THE 1ST
Wichita Wranglers batting - Pitching for Salem Silver Souls : RHP Ron Biller
Pitching: RHP Ron Biller
Batting: SHB Martín Medina 0-0: Ball
1-0: Ball
2-0: Foul Ball, location: 2F
2-1: SINGLE (Groundball, 34D) (infield hit)
Batting: LHB Eric Peterson 0-0: Ball
1-0: Called Strike
1-1: Foul Ball, location: 2F
1-2: Grounds into double play, 3-6-3 (Groundball, 3)
Batting: RHB Bob Hall 0-0: Foul Ball, location: 2F
0-1: Ball
1-1: Ball
2-1: Swinging Strike
2-2: Strikes out looking
Top of the 1st over - 0 run(s), 1 hit(s), 0 error(s), 0 left on base; Wichita 0 - Salem 0
BOTTOM OF THE 1ST
Salem Silver Souls batting - Pitching for Wichita Wranglers : RHP George Lockhart
Pitching: RHP George Lockhart
Batting: RHB Félix García 0-0: Called Strike
0-1: Foul Ball, location: 2F
0-2: Ball
1-2: Foul Ball, location: 2F
1-2: Foul Ball, location: 2F
1-2: Foul Ball, location: 2F
1-2: Ball
2-2: Strikes out swinging
Batting: LHB Bill Smith 0-0: Ground out 3-1 (Groundball, 3L)
Batting: RHB Juan Vareas 0-0: Ball
1-0: Swinging Strike
1-1: Foul Ball, location: 2F
1-2: Ground out 6-3 (Groundball, 6)
Bottom of the 1st over - 0 run(s), 0 hit(s), 0 error(s), 0 left on base; Wichita 0 - Salem 0
TOP OF THE 2ND
Wichita Wranglers batting - Pitching for Salem Silver Souls : RHP Ron Biller
Batting: RHB Cho-yun Qiao 0-0: Called Strike
0-1: Ball
1-1: Ground out 6-3 (Groundball, 6)
Batting: RHB Norberto Taváres 0-0: Ball
1-0: Called Strike
1-1: Ball
2-1: Ball
3-1: Foul Ball, location: 2F
3-2: Ground out 1-3 (Groundball, 15)
Batting: RHB Javier Coronado 0-0: SINGLE (Groundball, 6MD)
Batting: RHB Hamilton Holbrook 0-0: Foul Ball, location: 2F
0-1: Called Strike
0-2: Ball
1-2: Ball
2-2: Ball
3-2: Foul Ball, location: 2F
3-2: Base on Balls
Javier Coronado to second
Batting: RHB Dave Henderson 0-0: Ball
1-0: Ball
2-0: Called Strike
2-1: Foul Ball, location: 2F
2-2: Ball
3-2: Foul Ball, location: 2F
3-2: Base on Balls
Javier Coronado to third
Hamilton Holbrook to second
Batting: SHB Shane Hutchinson 0-0: Ball
1-0: Ground out U3 (Groundball, 3)
Top of the 2nd over - 0 run(s), 1 hit(s), 0 error(s), 3 left on base; Wichita 0 - Salem 0
BOTTOM OF THE 2ND
Salem Silver Souls batting - Pitching for Wichita Wranglers : RHP George Lockhart
Batting: RHB Gustavo Pagán 0-0: Ball
1-0: Ball
2-0: Foul Ball, location: 2F
2-1: Foul Ball, location: 2F
2-2: Strikes out swinging
Batting: LHB Millard Dye 0-0: Foul Ball, location: 2F
0-1: Foul Ball, location: 2F
0-2: Ball
1-2: Ball
2-2: Ball
3-2: Base on Balls
Batting: RHB Jesús Gutiérrez 0-0: Called Strike
0-1: Ball
1-1: Ball
2-1: Ball
3-1: Called Strike
3-2: Foul Ball, location: 2F
3-2: Base on Balls
Millard Dye to second
Batting: RHB Willie Houk 0-0: Ball
1-0: Foul Ball, location: 2F
1-1: Called Strike
1-2: Grounds into double play, 5-4-3 (Groundball, 56)
Bottom of the 2nd over - 0 run(s), 0 hit(s), 0 error(s), 1 left on base; Wichita 0 - Salem 0
TOP OF THE 3RD
Wichita Wranglers batting - Pitching for Salem Silver Souls : RHP Ron Biller
Batting: SHB Martín Medina 0-0: Ball
1-0: Called Strike
1-1: Called Strike
1-2: Ball
2-2: Fly out, F4 (Popup, 4)
Batting: LHB Eric Peterson 0-0: Called Strike
0-1: Ball
1-1: Foul Ball, location: 2F
1-2: Ground out 1-3 (Groundball, 15)
Batting: RHB Bob Hall 0-0: Called Strike
0-1: Ball
1-1: Ball
2-1: Foul Ball, location: 2F
2-2: Strikes out swinging
Top of the 3rd over - 0 run(s), 0 hit(s), 0 error(s), 0 left on base; Wichita 0 - Salem 0
BOTTOM OF THE 3RD
Salem Silver Souls batting - Pitching for Wichita Wranglers : RHP George Lockhart
Batting: LHB Jeff McKinney 0-0: Called Strike
0-1: SINGLE (Groundball, 4MD)
Batting: SHB Francis Shaffer 0-0: Called Strike
0-1: Ball
1-1: Foul Ball, location: 2F
1-2: Foul Ball, location: 2F
1-2: Foul Ball, location: 2F
1-2: Foul Ball, location: 2F
1-2: Ball
2-2: Foul Ball, location: 2F
2-2: Strikes out looking
Batting: RHB Félix García 0-0: Ball
1-0: Ball
2-0: Foul Ball, location: 2F
2-1: Foul Ball, location: 2F
2-2: Strikes out swinging
Batting: LHB Bill Smith 0-0: Ball
1-0: Ground out 1-3 (Groundball, 15S)
Bottom of the 3rd over - 0 run(s), 1 hit(s), 0 error(s), 1 left on base; Wichita 0 - Salem 0
TOP OF THE 4TH
Wichita Wranglers batting - Pitching for Salem Silver Souls : RHP Ron Biller
Batting: RHB Cho-yun Qiao 0-0: Ball
1-0: Called Strike
1-1: Fly out, F8 (Flyball, 78D)
Batting: RHB Norberto Taváres 0-0: Ball
1-0: Ball
2-0: Called Strike
2-1: Swinging Strike
2-2: Foul Ball, location: 2F
2-2: Ball
3-2: Strikes out looking
Batting: RHB Javier Coronado 0-0: Foul Ball, location: 2F
0-1: Ball
1-1: Foul Ball, location: 2F
1-2: Ball
2-2: Ball
3-2: Ground out 4-3 (Groundball, 34)
Top of the 4th over - 0 run(s), 0 hit(s), 0 error(s), 0 left on base; Wichita 0 - Salem 0
BOTTOM OF THE 4TH
Salem Silver Souls batting - Pitching for Wichita Wranglers : RHP George Lockhart
Batting: RHB Juan Vareas 0-0: Called Strike
0-1: Ground out 3-1 (Groundball, 34)
Batting: RHB Gustavo Pagán 0-0: Ball
1-0: Called Strike
1-1: Called Strike
1-2: Ball
2-2: Ball
3-2: Base on Balls
Batting: LHB Millard Dye 0-0: Ball
1-0: Called Strike
1-1: SINGLE (Flyball, 7LS)
Gustavo Pagán to second
Batting: RHB Jesús Gutiérrez 0-0: Ball
1-0: Foul Ball, location: 2F
1-1: Swinging Strike
1-2: Strikes out looking
Batting: RHB Willie Houk 0-0: Called Strike
0-1: Ball
1-1: Called Strike
1-2: Ball
2-2: Strikes out swinging
Bottom of the 4th over - 0 run(s), 1 hit(s), 0 error(s), 2 left on base; Wichita 0 - Salem 0
TOP OF THE 5TH
Wichita Wranglers batting - Pitching for Salem Silver Souls : RHP Ron Biller
Batting: RHB Hamilton Holbrook 0-0: Foul Ball, location: 2F
0-1: Swinging Strike
0-2: Ball
1-2: Foul Ball, location: 2F
1-2: Ball
2-2: Ball
3-2: Strikes out swinging
Batting: RHB Dave Henderson 0-0: Foul Ball, location: 2F
0-1: Called Strike
0-2: Foul Ball, location: 2F
0-2: Ball
1-2: Ground out 1-3 (Groundball, 13S)
Batting: SHB Shane Hutchinson 0-0: Foul Ball, location: 2F
0-1: Swinging Strike
0-2: Ball
1-2: Ball
2-2: Ground out 4-3 (Groundball, 4)
Top of the 5th over - 0 run(s), 0 hit(s), 0 error(s), 0 left on base; Wichita 0 - Salem 0
BOTTOM OF THE 5TH
Salem Silver Souls batting - Pitching for Wichita Wranglers : RHP George Lockhart
Batting: LHB Jeff McKinney 0-0: Ball
1-0: Ground out 2-3 (Groundball, 2R)
Batting: SHB Francis Shaffer 0-0: Foul Ball, location: 2F
0-1: Ground out 3-1 (Groundball, 34)
Batting: RHB Félix García 0-0: Foul Ball, location: 2F
0-1: Ball
1-1: Foul Ball, location: 2F
1-2: Fly out, F9 (Flyball, 89D)
Bottom of the 5th over - 0 run(s), 0 hit(s), 0 error(s), 0 left on base; Wichita 0 - Salem 0
TOP OF THE 6TH
Wichita Wranglers batting - Pitching for Salem Silver Souls : RHP Ron Biller
Pitching: RHP Javier Valenzuela
Batting: SHB Martín Medina 0-0: Called Strike
0-1: Foul Ball, location: 2F
0-2: Ball
1-2: Strikes out looking
Batting: LHB Eric Peterson 0-0: Ball
1-0: Called Strike
1-1: Called Strike
1-2: Ground out 4-3 (Groundball, 4)
Batting: RHB Bob Hall 0-0: Ball
1-0: Called Strike
1-1: Ball
2-1: Ball
3-1: Base on Balls
Batting: RHB Cho-yun Qiao 0-0: Ball
1-0: Ball
2-0: SINGLE (Groundball, 6)
Bob Hall to second
Pitching: RHP Dave Woods
Batting: RHB Norberto Taváres 0-0: Foul Ball, location: 2F
0-1: Fielders Choice at 2nd, U4 (Groundball, 4M)
Top of the 6th over - 0 run(s), 1 hit(s), 0 error(s), 2 left on base; Wichita 0 - Salem 0
BOTTOM OF THE 6TH
Salem Silver Souls batting - Pitching for Wichita Wranglers : RHP George Lockhart
Batting: LHB Bill Smith 0-0: Ball
1-0: Swinging Strike
1-1: Fly out, F8 (Flyball, 8RM)
Batting: RHB Juan Vareas 0-0: Reached on error, E5 (Groundball, 56)
Batting: RHB Gustavo Pagán 0-0: Called Strike
0-1: Foul Ball, location: 2F
0-2: Ball
1-2: Foul Ball, location: 2F
1-2: Strikes out swinging
Batting: LHB Millard Dye 0-0: Called Strike
0-1: Ball
1-1: Ball
2-1: Called Strike
2-2: Ball
3-2: Foul Ball, location: 2F
3-2: Base on Balls
Juan Vareas to second
Pitching: RHP Reginaldo Coscia
Batting: RHB Jesús Gutiérrez 0-0: Swinging Strike
0-1: Swinging Strike
0-2: Ball
1-2: Ball
2-2: Strikes out swinging
Bottom of the 6th over - 0 run(s), 0 hit(s), 1 error(s), 2 left on base; Wichita 0 - Salem 0
TOP OF THE 7TH
Wichita Wranglers batting - Pitching for Salem Silver Souls : RHP Dave Woods
Pinch Hitting: SHB Javier Peńa 0-0: Called Strike
0-1: Foul Ball, location: 2F
0-2: Ball
1-2: Ball
2-2: Ground out 4-3 (Groundball, 4)
Batting: RHB Hamilton Holbrook 0-0: Called Strike
0-1: Swinging Strike
0-2: Strikes out swinging
Pinch Hitting: LHB José Hernández 0-0: SINGLE (Flyball, 8RS)
Pinch Hitting: RHB Tom Howe 0-0: Ground out 6-3 (Groundball, 6S)
Top of the 7th over - 0 run(s), 1 hit(s), 0 error(s), 1 left on base; Wichita 0 - Salem 0
BOTTOM OF THE 7TH
Salem Silver Souls batting - Pitching for Wichita Wranglers : RHP Reginaldo Coscia
Now at 1B: José Hernández
Now at 2B: Felipe Lópes
Now at SS: Rusty Clinton
Pinch Hitting: LHB Jeff Doss 0-0: Ball
1-0: Ball
2-0: Ball
3-0: Called Strike
3-1: Base on Balls
Batting: LHB Jeff McKinney 0-0: Bunt missed!
0-1: Sac Bunt - play at first, batter OUT! 5-4
Jeff Doss to second
Pinch Hitting: LHB Raúl Cordero 0-0: Intentional Walk
Batting: RHB Félix García 0-0: Called Strike
0-1: Called Strike
0-2: Ball
1-2: Ball
2-2: Ball
3-2: SINGLE (Groundball, 3S)
Jeff Doss to third
Raúl Cordero to second
Runner from 3rd tries for Home, SAFE, no throw or cutoff
Batting: LHB Bill Smith 0-0: Called Strike
0-1: Ball
1-1: Ball
2-1: Ball
3-1: Foul Ball, location: 2F
3-2: Foul Ball, location: 2F
3-2: Base on Balls
Raúl Cordero to third
Félix García to second
Batting: RHB Juan Vareas 0-0: Ball
1-0: Ball
2-0: SINGLE (Groundball, 6M)
Raúl Cordero scores
Félix García to third
Bill Smith to second
Batting: RHB Gustavo Pagán 0-0: Called Strike
0-1: Ground out 5-3 (Groundball, 5S)
Félix García scores
Bill Smith to third
Juan Vareas to second
Pitching: LHP Francisco Martínez
Batting: LHB Millard Dye 0-0: Ball
1-0: Fly out, F8 (Flyball, 8LD)
Bottom of the 7th over - 3 run(s), 2 hit(s), 0 error(s), 2 left on base; Wichita 0 - Salem 3
TOP OF THE 8TH
Wichita Wranglers batting - Pitching for Salem Silver Souls : RHP Dave Woods
Now at 1B: Raúl Cordero
Now at 3B: Ánibal Martínez
Batting: SHB Martín Medina 0-0: Ball
1-0: Ball
2-0: Called Strike
2-1: Ball
3-1: Swinging Strike
3-2: Strikes out swinging
Batting: LHB Eric Peterson 0-0: SINGLE (Flyball, 7S)
Batting: RHB Bob Hall 0-0: Foul Ball, location: 2F
0-1: Ball
1-1: SINGLE (Groundball, 25) (infield hit)
Eric Peterson to second
Pinch Runner at 1st Ramiro Martínez:
Batting: RHB Cho-yun Qiao 0-0: Foul Ball, location: 2F
0-1: Hit by Pitch
Eric Peterson to third
Ramiro Martínez to second
Batting: RHB Norberto Taváres 0-0: Ball
1-0: Ball
2-0: Ball
3-0: Base on Balls
Eric Peterson scores
Ramiro Martínez to third
Cho-yun Qiao to second
Batting: RHB Felipe Lópes 0-0: Fly out, F9 (Flyball, 89M)
Runner from 3rd tags up, SCORES, no throw
Batting: RHB Hamilton Holbrook 0-0: Called Strike
0-1: SINGLE (Groundball, 56D)
Cho-yun Qiao to third
Norberto Taváres to second
Runner from 3rd tries for Home, SAFE, no throw or cutoff
Batting: LHB José Hernández 0-0: Ball
1-0: Ball
2-0: Ball
3-0: Base on Balls
Norberto Taváres to third
Hamilton Holbrook to second
Batting: LHB Rusty Clinton 0-0: Called Strike
0-1: Called Strike
0-2: Fly out, F6 (Line Drive, 56D)
Top of the 8th over - 3 run(s), 3 hit(s), 0 error(s), 3 left on base; Wichita 3 - Salem 3
BOTTOM OF THE 8TH
Salem Silver Souls batting - Pitching for Wichita Wranglers : LHP Francisco Martínez
Now at 3B: Ramiro Martínez
Batting: RHB Jesús Gutiérrez 0-0: Called Strike
0-1: Ball
1-1: Ball
2-1: Ball
3-1: Foul Ball, location: 2F
3-2: Ground out 6-3 (Groundball, 6)
Pinch Hitting: RHB Ron Edwards 0-0: Ground out 5-3 (Groundball, 5)
Batting: LHB Jeff McKinney 0-0: SINGLE (Groundball, 4)
Pinch Hitting: RHB Juan López 0-0: Called Strike
0-1: Swinging Strike
0-2: Ball
1-2: Ball
2-2: Strikes out swinging
Bottom of the 8th over - 0 run(s), 1 hit(s), 0 error(s), 1 left on base; Wichita 3 - Salem 3
TOP OF THE 9TH
Wichita Wranglers batting - Pitching for Salem Silver Souls : RHP Dave Woods
Pitching: RHP Manuel Fuentes
Now at 1B: Ron Edwards
Now at 3B: Alejandro Rodríguez
Batting: SHB Martín Medina 0-0: Foul Ball, location: 2F
0-1: Ball
1-1: Foul Ball, location: 2F
1-2: Ball
2-2: Foul Ball, location: 2F
2-2: Ball
3-2: Foul Ball, location: 2F
3-2: Strikes out swinging
Batting: LHB Eric Peterson 0-0: Called Strike
0-1: Ball
1-1: Swinging Strike
1-2: Strikes out swinging
Batting: LHB Ramiro Martínez 0-0: Called Strike
0-1: Fly out, F9 (Flyball, 9LDF)
Top of the 9th over - 0 run(s), 0 hit(s), 0 error(s), 0 left on base; Wichita 3 - Salem 3
BOTTOM OF THE 9TH
Salem Silver Souls batting - Pitching for Wichita Wranglers : LHP Francisco Martínez
Batting: RHB Félix García 0-0: Ball
1-0: Swinging Strike
1-1: SINGLE (Line Drive, 34)
Batting: LHB Bill Smith 0-0: Bunted foul
0-1: Bunted foul
0-2: Ball
1-2: Foul Ball, location: 2F
1-2: Foul Ball, location: 2F
1-2: Ground out 3-1 (Groundball, 34S)
Félix García to second
Batting: RHB Juan Vareas 0-0: Intentional Walk
Batting: RHB Gustavo Pagán 0-0: Foul Ball, location: 2F
0-1: Ball
1-1: Ball
2-1: Swinging Strike
2-2: Strikes out swinging
Batting: LHB Millard Dye 0-0: Called Strike
0-1: Fielders Choice at 2nd, U6 (Groundball, 6M)
Bottom of the 9th over - 0 run(s), 1 hit(s), 0 error(s), 2 left on base; Wichita 3 - Salem 3
TOP OF THE 10TH
Wichita Wranglers batting - Pitching for Salem Silver Souls : RHP Manuel Fuentes
Batting: RHB Cho-yun Qiao 0-0: Ball
1-0: Called Strike
1-1: Called Strike
1-2: Strikes out looking
Batting: RHB Norberto Taváres 0-0: Ball
1-0: Called Strike
1-1: Ball
2-1: Ball
3-1: Called Strike
3-2: Foul Ball, location: 2F
3-2: Ground out 6-3 (Groundball, 6)
Batting: RHB Felipe Lópes 0-0: Swinging Strike
0-1: Called Strike
0-2: Ball
1-2: Strikes out swinging
Top of the 10th over - 0 run(s), 0 hit(s), 0 error(s), 0 left on base; Wichita 3 - Salem 3
BOTTOM OF THE 10TH
Salem Silver Souls batting - Pitching for Wichita Wranglers : LHP Francisco Martínez
Batting: RHB Jesús Gutiérrez 0-0: Reached on error, E5 (Groundball, 56)
Batting: RHB Ron Edwards 0-0: Ball
1-0: Ball
2-0: Called Strike
2-1: Sac Bunt - play at first, batter OUT! 1-4
Jesús Gutiérrez to second
Batting: LHB Jeff McKinney 0-0: Intentional Walk
Pitching: RHP Craig Adams
Batting: RHB Alejandro Rodríguez 0-0: Foul Ball, location: 2F
0-1: Foul Ball, location: 2F
0-2: Ground out 5-3 (Groundball, 5S)
Jesús Gutiérrez to third
Jeff McKinney to second
Batting: RHB Félix García 0-0: Called Strike
0-1: Ball
1-1: Foul Ball, location: 2F
1-2: Strikes out looking
Bottom of the 10th over - 0 run(s), 0 hit(s), 1 error(s), 2 left on base; Wichita 3 - Salem 3
TOP OF THE 11TH
Wichita Wranglers batting - Pitching for Salem Silver Souls : RHP Manuel Fuentes
Batting: RHB Hamilton Holbrook 0-0: Ball
1-0: Ball
2-0: Swinging Strike
2-1: Called Strike
2-2: Strikes out swinging
Batting: LHB José Hernández 0-0: Ground out 6-3 (Groundball, 6)
Batting: LHB Rusty Clinton 0-0: Foul Ball, location: 2F
0-1: Swinging Strike
0-2: Ball
1-2: Ball
2-2: Ball
3-2: Strikes out swinging
Top of the 11th over - 0 run(s), 0 hit(s), 0 error(s), 0 left on base; Wichita 3 - Salem 3
BOTTOM OF THE 11TH
Salem Silver Souls batting - Pitching for Wichita Wranglers : RHP Craig Adams
Batting: LHB Bill Smith 0-0: Called Strike
0-1: Called Strike
0-2: SINGLE (Line Drive, 56D)
Batting: RHB Juan Vareas 0-0: Called Strike
0-1: Foul Ball, location: 2F
0-2: Fielders Choice at 2nd, 1-6 (Groundball, 15S)
Batting: RHB Gustavo Pagán 0-0: Ball
1-0: Called Strike
1-1: Fly out, F5 (Popup, 5SF)
Batting: LHB Millard Dye 0-0: Ball
1-0: Swinging Strike
1-1: Called Strike
1-2: Ball
Juan Vareas steals 2nd base
2-2: Foul Ball, location: 2F
2-2: Foul Ball, location: 2F
2-2: Ground out 3-1 (Groundball, 34)
Bottom of the 11th over - 0 run(s), 1 hit(s), 0 error(s), 1 left on base; Wichita 3 - Salem 3
TOP OF THE 12TH
Wichita Wranglers batting - Pitching for Salem Silver Souls : RHP Manuel Fuentes
Batting: SHB Martín Medina 0-0: Foul Ball, location: 2F
0-1: Ball
1-1: Ball
2-1: Foul Ball, location: 2F
2-2: Strikes out swinging
Batting: LHB Eric Peterson 0-0: Fly out, F8 (Flyball, 8LM)
Batting: LHB Ramiro Martínez 0-0: Called Strike
0-1: Ball
1-1: Swinging Strike
1-2: Foul Ball, location: 2F
1-2: Ball
2-2: Strikes out looking
Top of the 12th over - 0 run(s), 0 hit(s), 0 error(s), 0 left on base; Wichita 3 - Salem 3
BOTTOM OF THE 12TH
Salem Silver Souls batting - Pitching for Wichita Wranglers : RHP Craig Adams
Batting: RHB Jesús Gutiérrez 0-0: Called Strike
0-1: Swinging Strike
0-2: Ball
1-2: Ball
2-2: Ground out 5-3 (Groundball, 56S)
Pitching: RHP Javier Pacheco
Pinch Hitting: LHB Ezechiele Bruno 0-0: Fly out, F2 (Popup, 3SF)
Batting: LHB Jeff McKinney 0-0: Called Strike
0-1: Ball
1-1: Called Strike
1-2: Strikes out swinging
Bottom of the 12th over - 0 run(s), 0 hit(s), 0 error(s), 0 left on base; Wichita 3 - Salem 3
TOP OF THE 13TH
Wichita Wranglers batting - Pitching for Salem Silver Souls : RHP Manuel Fuentes
Now at 1B: Ezechiele Bruno
Batting: RHB Cho-yun Qiao 0-0: Ball
1-0: Called Strike
1-1: Swinging Strike
1-2: Ball
2-2: Strikes out swinging
Batting: RHB Norberto Taváres 0-0: Ball
1-0: Foul Ball, location: 2F
1-1: Called Strike
1-2: Ball
2-2: Foul Ball, location: 2F
2-2: Strikes out swinging
Pitching: RHP Jermaine Carter
Batting: RHB Felipe Lópes 0-0: Called Strike
0-1: Ball
1-1: DOUBLE (Line Drive, 4)
Batting: RHB Hamilton Holbrook 0-0: Called Strike
0-1: SINGLE (Line Drive, 89M)
Felipe Lópes to third
Batting: LHB José Hernández 0-0: Called Strike
0-1: Fly out, F8 (Flyball, 78D)
Top of the 13th over - 0 run(s), 2 hit(s), 0 error(s), 2 left on base; Wichita 3 - Salem 3
BOTTOM OF THE 13TH
Salem Silver Souls batting - Pitching for Wichita Wranglers : RHP Javier Pacheco
Batting: RHB Alejandro Rodríguez 0-0: Called Strike
0-1: Swinging Strike
0-2: Ball
1-2: Foul Ball, location: 2F
1-2: Ball
2-2: Foul Ball, location: 2F
2-2: Ball
3-2: Strikes out looking
Batting: RHB Félix García 0-0: Called Strike
0-1: Ball
1-1: Foul Ball, location: 2F
1-2: Strikes out looking
Batting: LHB Bill Smith 0-0: Called Strike
0-1: Fly out, F4 (Line Drive, 4)
Bottom of the 13th over - 0 run(s), 0 hit(s), 0 error(s), 0 left on base; Wichita 3 - Salem 3
TOP OF THE 14TH
Wichita Wranglers batting - Pitching for Salem Silver Souls : RHP Jermaine Carter
Batting: LHB Rusty Clinton 0-0: SINGLE (Groundball, 4MD)
Batting: SHB Martín Medina 0-0: Ball
1-0: Ball
2-0: Foul Ball, location: 2F
2-1: Ball
3-1: Foul Ball, location: 2F
3-2: Base on Balls
Rusty Clinton to second
Batting: LHB Eric Peterson 0-0: Called Strike
0-1: Sac Bunt - play at third, runner OUT! 1-6
Martín Medina to second
Batting: LHB Ramiro Martínez 0-0: Ball
1-0: Ball
2-0: Ball
3-0: Base on Balls
Martín Medina to third
Eric Peterson to second
Batting: RHB Cho-yun Qiao 0-0: Ball
1-0: Called Strike
1-1: Ball
2-1: Ball
3-1: Base on Balls
Martín Medina scores
Eric Peterson to third
Ramiro Martínez to second
Batting: RHB Norberto Taváres 0-0: Ball
Wild Pitch!
Eric Peterson scores
Ramiro Martínez to third
Cho-yun Qiao to second
Balk!
Ramiro Martínez scores
Cho-yun Qiao to third
1-0: Intentional Walk
Batting: RHB Felipe Lópes 0-0: Ball
1-0: Ball
Norberto Taváres steals 2nd base
2-0: Ball
3-0: Called Strike
3-1: Base on Balls
Batting: RHB Hamilton Holbrook 0-0: Reached on error, E1 (Groundball, 13S)
Cho-yun Qiao scores
Norberto Taváres to third
Felipe Lópes to second
Pitching: RHP Alejandro Martínez
Batting: LHB José Hernández 0-0: Called Strike
0-1: Ball
1-1: Ball
2-1: SINGLE (Groundball, 4MD)
Norberto Taváres scores
Felipe Lópes to third
Hamilton Holbrook to second
Runner from 3rd tries for Home, SAFE, no throw or cutoff
Batting: LHB Rusty Clinton 0-0: Ball
1-0: SINGLE (Line Drive, 8LS)
Hamilton Holbrook to third
José Hernández to second
Batting: SHB Martín Medina 0-0: Ball
1-0: Fielders Choice at 2nd, 4-6 (Groundball, 4)
Hamilton Holbrook scores
José Hernández to third
Batting: LHB Eric Peterson 0-0: Fly out, F9 (Flyball, 89M)
Top of the 14th over - 7 run(s), 3 hit(s), 1 error(s), 2 left on base; Wichita 10 - Salem 3
BOTTOM OF THE 14TH
Salem Silver Souls batting - Pitching for Wichita Wranglers : RHP Javier Pacheco
Now in RF: Leslie Adams
Batting: RHB Juan Vareas 0-0: Ball
1-0: Called Strike
1-1: Ball
2-1: Swinging Strike
2-2: Foul Ball, location: 2F
2-2: Ball
3-2: Base on Balls
Pinch Hitting: RHB Anthony Wells 0-0: Swinging Strike
0-1: Ball
1-1: Ball
2-1: Swinging Strike
2-2: Reached on error, E3 (Groundball, 3)
Juan Vareas to second
Batting: LHB Millard Dye 0-0: Ground out 4-3 (Groundball, 4M)
Juan Vareas to third
Anthony Wells to second
Batting: RHB Jesús Gutiérrez 0-0: Ball
1-0: Ball
2-0: Called Strike
2-1: Foul Ball, location: 2F
2-2: Ball
3-2: SINGLE (Line Drive, 56D)
Juan Vareas scores
Anthony Wells to third
Batting: LHB Ezechiele Bruno 0-0: Ball
1-0: Reached on error, E6 (Groundball, 6M)
Anthony Wells scores
Jesús Gutiérrez to second
Batting: LHB Jeff McKinney 0-0: Ball
1-0: Swinging Strike
1-1: Ball
2-1: Ball
3-1: Called Strike
3-2: Base on Balls
Jesús Gutiérrez to third
Ezechiele Bruno to second
Batting: RHB Alejandro Rodríguez 0-0: Called Strike
0-1: Fly out, F7 (Line Drive, 7M)
Batting: RHB Félix García 0-0: Ball
1-0: Ball
2-0: Called Strike
2-1: Ball
3-1: Base on Balls
Jesús Gutiérrez scores
Ezechiele Bruno to third
Jeff McKinney to second
Pitching: RHP Pat Ellis
Batting: LHB Bill Smith 0-0: Called Strike
0-1: Ball
1-1: Ball
2-1: Ball
3-1: Called Strike
3-2: Foul Ball, location: 2F
3-2: Foul Ball, location: 2F
3-2: Reached on Error, E7 (Flyball, 7M)
Ezechiele Bruno scores
Jeff McKinney scores
Félix García to third
Batting: RHB Juan Vareas 0-0: Ball
1-0: Ball
2-0: Ball
3-0: Base on Balls
Batting: RHB Anthony Wells 0-0: Called Strike
0-1: Swinging Strike
0-2: Ball
1-2: Ball
2-2: Strikes out swinging
Bottom of the 14th over - 5 run(s), 1 hit(s), 3 error(s), 3 left on base; Wichita 10 - Salem 8
This league is powered by Out of the Park Baseball, the baseball management simulation game for PC, Mac and Linux
Saturday, April 9th, 2016 - OOTP Baseball 16.8 Build 38